 Dungeon Crawl Stone Soup version 0.18.1-5-g4a78601 (webtiles) character file.

142 Gottschkopf the Sneak (level 5, 0/24 HPs)
             Began as a Spriggan Enchanter on May 12, 2016.
             Killed by nerve-wracking pain
             ... invoked by Grinder
              (10 damage)
             ... on level 3 of the Dungeon.
             The game lasted 00:11:56 (3774 turns).

Gottschkopf the Sneak (Spriggan Enchanter)          Turns: 3774, Time: 00:11:56

Health: 0/24       AC:  3    Str:  4    XL:     5   Next: 4%
Magic:  10/11      EV: 18    Int: 16    God:
Gold:   83         SH:  0    Dex: 18    Spells: 3 memorised, 4 levels left

rFire  . . .     SeeInvis +     a - +1 dagger
rCold  . . .     Gourm    .     b - +1 robe
rNeg   . . .     Faith    .     (shield restricted)
rPois  .         Spirit   .     (helmet restricted)
rElec  .         Dismiss  .     (no cloak)
rCorr  .         Reflect  .     (gloves unavailable)
SustAt .         Harm     .     (boots unavailable)
MR     .....                    (no amulet)
Stlth  ++++......               (no ring)
                                (no ring)

@: very quick, not resistant to hostile enchantments, stealthy
A: unfitting armour, see invisible, herbivore 3, speed 3, slow metabolism 2
a: no special abilities


You were on level 3 of the Dungeon.
You were not hungry.

You visited 1 branch of the dungeon, and saw 3 of its levels.

You collected 83 gold pieces.

Inventory:

Hand Weapons
 a - a +1 dagger (weapon)
Armour
 b - a +1 robe (worn)
Scrolls
 e - 3 scrolls of recharging {unknown}
 f - 2 scrolls of teleportation {unknown}
 g - a scroll of enchant weapon {unknown}
 i - a scroll of amnesia {unknown}
 k - a scroll of random uselessness {unknown}
 n - 7 scrolls of identify {unknown}
 o - a scroll of enchant armour {unknown}
 p - a scroll of remove curse {unknown}
 s - a scroll of blinking {unknown}
Potions
 l - 2 potions of heal wounds {unknown}
 m - a potion of curing {unknown}
 q - a potion of ambrosia {unknown}
 r - a potion of agility {unknown}
 t - a potion of brilliance {unknown}
Books
 c - a book of Maledictions

   Spells                             Type                      Level
   a - Corona                         Hexes                        1
   b - Ensorcelled Hibernation        Hexes/Ice                    2
   c - Confuse                        Hexes                        3
   d - Tukima's Dance                 Hexes                        3
   e - Dazzling Spray                 Conjuration/Hexes            3
Comestibles
 d - a bread ration
 h - a slice of pizza
 j - 2 royal jellies
 u - 4 fruits


   Skills:
 - Level 2.1 Short Blades
 - Level 3.0 Dodging
 - Level 6.9 Stealth
 * Level 3.4 Spellcasting
 - Level 4.6 Hexes


You had 4 spell levels left.
You knew the following spells:

 Your Spells              Type           Power        Failure   Level  Hunger
a - Corona                Hex            ###....      3%          1    None
b - Ensorcelled Hibernat  Hex/Ice        ##....       12%         2    ##.....
c - Confuse               Hex            ###.....     12%         3    ###....


Dungeon Overview and Level Annotations

Branches:
Dungeon (3/15)

Altars:
Sif Muna
Xom

Annotations:
D:3 Grinder; vogonpoet's ghost, amateur MiGl


Innate Abilities, Weirdness & Mutations

You are tiny and cannot use many weapons and most armour.
You have supernaturally acute eyesight.
You are a herbivore.
You cover ground extremely quickly.
You need consume almost no food.


Message History

Grinder says, "Don't move a muscle."
Grinder gestures at you. Pain shoots through your body!
Ouch! That really hurt!
Grinder stops glowing.
Grinder blinks!
No target in view!
No target in view!
Grinder says, "Just stop there for a second..."
Grinder drinks a potion.
Grinder seems to speed up.
Casting: Corona
Confirm with . or Enter, or press ? or * to list all spells.
Aiming: Corona
Press: ? - help, Shift-Dir - straight line, f/p - Grinder
Aim: Grinder (almost dead, fast, chance to defeat MR: 54%) Grinder is outlined in light.
Grinder says, "Don't move a muscle."
Grinder gestures at you. Pain shoots through your body!
You die...

####...# #...# #.##..
#.....#######.#.###.####
#.....'..†.............
#.....########^#.##.##.
#.....# #.#..# #######
#.##.# ..# ..
###################..
..............5.@.#..#
##.####.####.####.# .#.#
+.'.)#.#8.#.# .#.#
#.#..#.#..#.#
'#.##+#.##'#.##'#.#
..................##.
'#.##+#.##'#.##'#.#..
.#.#..#.#..#.#..#.#.#
.'.'.[#.#[.'.'.)#.#.#


You could see Grinder.

Vanquished Creatures
  5 adders
  An adder skeleton (D:3)
  2 worms (D:2)
  2 dart slugs
  4 giant geckos
  2 orcs (D:3)
  6 giant cockroaches
  10 goblins
  12 hobgoblins
  6 jackals
  6 kobolds
  A quokka (D:2)
  2 ball pythons (D:3)
  10 bats
  A giant newt (D:3)
  7 rats
77 creatures vanquished.

Notes
Turn   | Place    | Note
--------------------------------------------------------------
     0 | D:1      | Gottschkopf the Spriggan Enchanter began the quest for the Orb.
     0 | D:1      | Reached XP level 1. HP: 9/9 MP: 5/5
   119 | D:1      | Reached skill level 5 in Stealth
   157 | D:1      | Reached XP level 2. HP: 13/13 MP: 6/6
   413 | D:1      | Reached skill level 6 in Stealth
   874 | D:1      | Learned a level 2 spell: Ensorcelled Hibernation
   898 | D:1      | Reached XP level 3. HP: 13/16 MP: 8/8
  1196 | D:2      | Found a deep blue altar of Sif Muna.
  1196 | D:2      | Found a shimmering altar of Xom.
  1469 | D:2      | Learned a level 3 spell: Confuse
  1616 | D:2      | Reached XP level 4. HP: 12/21 MP: 6/9
  2529 | D:3      | Noticed vogonpoet's ghost (amateur MiGl)
  2561 | D:3      | HP: 1/21 [vogonpoet's ghost (14)]
  3566 | D:3      | Reached XP level 5. HP: 22/24 MP: 0/10
  3748 | D:3      | Noticed Grinder
  3774 | D:3      | Killed from afar by Grinder

Skill      XL: |  1  2  3  4 |
---------------+-------------+-----
Stealth        | 5 6 |  6.9
Hexes          | 4 |  4.6
Short Blades   | 2 |  2.1
Spellcasting   | 3 |  3.4
Dodging        | |  3.0

Action                   |  1- 3 |  4- 6 || total
-------------------------+-------+-------++-------
Melee: Dagger            |   144 |   121 ||   265
 Cast: Corona            |     9 |     5 ||    14
       Ensorcelled Hiber |     5 |    22 ||    27
       Confuse           |       |     3 ||     3
 Stab: Sleeping          |    22 |    25 ||    47
       Distracted        |       |     2 ||     2
       Confused          |       |     1 ||     1
  Eat: Bread ration      |       |     1 ||     1
Armor: Robe              |    36 |     5 ||    41
Dodge: Dodged            |   161 |    69 ||   230
